 Dungeon Crawl Stone Soup version 0.27-b1-41-gafb5482f4b (webtiles) character file.

Game seed: 14360542865553049780

42 Brandom the Chucker (level 3, -4/22 HPs)
             Began as a Kobold Hunter on July 28, 2021.
             Was a Follower of Elyvilon.
             Slain by a gnoll (10 damage)
             ... on level 2 of the Dungeon.
             The game lasted 00:02:48 (1801 turns).

Brandom the Chucker (Kobold Hunter)                 Turns: 1801, Time: 00:02:48

Health: -4/22      AC:  6    Str: 10    XL:     3   Next: 77%
Magic:  3/3        EV: 11    Int: 12    God:    Elyvilon [*.....]
Gold:   13         SH:  0    Dex: 15    Spells: 2/2 levels left

rFire    . . .     SeeInvis .   a - +0 short sword
rCold    . . .     Faith    .   (shield restricted)
rNeg     . . .     Spirit   .   e - +0 scale mail
rPois    .         Reflect  .   (no helmet)
rElec    .         Harm     .   (no cloak)
rCorr    .         Rampage  .   (no gloves)
Will     .....                  (no boots)
Stlth    +.........             (no amulet)
HPRegen  0.07/turn              (no ring)
MPRegen  0.08/turn              (no ring)

@: no status effects
A: small, no large weapons, nightstalker 3
a: Renounce Religion, Lesser Healing, Divine Protection


You were on level 2 of the Dungeon.
You worshipped Elyvilon.
Elyvilon was aware of your devotion.
You visited 1 branch of the dungeon, and saw 2 of its levels.

You collected 13 gold pieces.

Inventory:

Hand Weapons
 a - a +0 short sword (weapon)
Missiles
 c - 9 boomerangs (quivered)
 d - 2 throwing nets
Armour
 b - a +0 leather armour
 e - a +0 scale mail (worn)
Scrolls
 f - 2 scrolls of identify {unknown}
 h - a scroll of brand weapon {unknown}
Potions
 g - 2 potions of brilliance {unknown}
 i - a potion of resistance {unknown}


   Skills:
 + Level 2.3 Fighting
 + Level 2.3 Short Blades
 + Level 4.9 Throwing
 + Level 0.7 Armour
 + Level 2.5 Dodging
 - Level 1.3 Stealth


You had 2 spell levels left.
You didn't know any spells.
Your spell library was empty.

Dungeon Overview and Level Annotations

Branches:
Dungeon (2/15)

Altars:
Elyvilon


Innate Abilities, Weirdness & Mutations

You are small and have problems with some larger weapons.
You are completely attuned to the shadows.


Message History

The gnoll is moderately wounded.
The gnoll closely misses you.
Throw: 9 boomerangs
Press: ? - help, Q - select action, (/) - cycle Shift-Dir - straight line, f/p - gnoll
Aim: a gnoll, wielding a +0 club (moderately wounded, 64% to hit)
You throw a boomerang. The boomerang barely misses the gnoll.
The gnoll hits you with a +0 club.
Unknown command.
Throw: 9 boomerangs
Press: ? - help, Q - select action, (/) - cycle Shift-Dir - straight line, f/p - gnoll
Aim: a gnoll, wielding a +0 club (moderately wounded, 65% to hit)
You throw a boomerang. The boomerang barely misses the gnoll.
The gnoll hits you with a +0 club. The gnoll closely misses you.
Throw: 9 boomerangs
Press: ? - help, Q - select action, (/) - cycle Shift-Dir - straight line, f/p - gnoll
Aim: a gnoll, wielding a +0 club (moderately wounded, 65% to hit)
You throw a boomerang. The boomerang hits the gnoll!
You kill the gnoll!
You start resting.
A gnoll comes into view. It is wielding a +0 flail.
There is a stone staircase leading up here.
A gnoll is nearby!
Throw: 9 boomerangs
Press: ? - help, Q - select action, (/) - cycle Shift-Dir - straight line, f - gnoll
Aim: a gnoll, wielding a +0 flail (wandering, hasn't noticed you, 65% to hit)
You throw a boomerang.
The boomerang completely misses the gnoll.
Throw: 9 boomerangs
Press: ? - help, Q - select action, (/) - cycle Shift-Dir - straight line, f/p - gnoll
Aim: a gnoll, wielding a +0 flail (65% to hit)
You throw a boomerang. The boomerang barely misses the gnoll.
Throw: 9 boomerangs
Press: ? - help, Q - select action, (/) - cycle Shift-Dir - straight line, f/p - gnoll
Aim: a gnoll, wielding a +0 flail (64% to hit)
You throw a boomerang. The boomerang hits the gnoll.
The gnoll is lightly wounded.
The gnoll hits you with a +0 flail!
* * * LOW HITPOINT WARNING * * *
The gnoll hits you with a +0 flail!
You die...

### #.# #.# #)# #.# #.#
#####.### ####.......#
#@g......#.# ### ######
##.........# #.# #....#
###.###.#.# # #.# #.##.#
#.# #.#.#
###.####.##.#######)###.#.#
........................>.#
..#.###.###.###...........#
................g#######..#
.....#...#.###...# #..#


You could see a gnoll.

Vanquished Creatures
  2 gnolls (D:2)
  3 bats (D:1)
  An endoplasm (D:1)
  A goblin (D:1)
  2 hobgoblins (D:1)
  4 jackals (D:1)
  A quokka (D:1)
  2 ball pythons
  A frilled lizard (D:1)
  2 kobolds (D:1)
  2 rats (D:1)
21 creatures vanquished.

Notes
Turn   | Place    | Note
-------+----------+-------------------------------------------
     0 | D:1      | Brandom the Kobold Hunter began the quest for the Orb.
     0 | D:1      | Reached XP level 1. HP: 12/12 MP: 1/1
   498 | D:1      | Reached XP level 2. HP: 8/17 MP: 2/2
   701 | D:1      | Reached skill level 1 in Short Blades
  1392 | D:1      | Found a faded altar of an unknown god.
  1399 | D:1      | Became a worshipper of Elyvilon the Healer
  1399 | D:1      | Reached * piety under Elyvilon
  1530 | D:1      | Reached XP level 3. HP: 20/21 MP: 3/3
  1801 | D:2      | Slain by a gnoll

Illustrated notes

Levels and vault maps discovered:
D:1:      dpeg_arrival_castle, layout_loops_ring,
          hellmonk_ecumenical_altar_lost_god
D:2:      layout_basic, basic_altar

Skill      XL: |  1  2  3 |
---------------+----------+-----
Short Blades   | 1 2 |  2.3
Fighting       | |  2.3
Throwing       | |  4.9
Armour         | |  0.7
Dodging        | |  2.5
Stealth        | |  1.3

Action                   || total
-------------------------++-------
Melee: Short sword       ||   108
Throw: Boomerang         ||    17
Armor: Scale mail        ||    56
Dodge: Dodged            ||    70
